cohdb
Replays
Latest Replays
All Replays
Popular Replays
Top Player Replays
Match Explorer
How It Works
Community
CoH3 Stats
Reddit
Sign in to upload your games and track your stats! →
Sign in with Steam
Match 42631434
Unlisted
Match 42631434
Overview
Messages
Build Orders
End
Kettenkrad Recon Vehicle
Construct Infanterie Kompanie
MG 42 Machine Gun Team
MG 42 Machine Gun Team
Selects Breakthrough Battlegroup
Selects Assault Grenadiers
MG 42 Machine Gun Team
Grenadier Squad
Medical Station
Grenadier Squad
Construct Luftwaffe Kompanie
Jäger Squad
Construct Panzergrenadier Kompanie
Selects Breakthrough
Selects Mechanized Assault Group
Jäger Squad
Support Elements
Nebelwerfer 42 Rocket Launcher Team
comfo
matrix4x4
0
0
Comments
sign in to comment!
No comments posted yet!